 Dungeon Crawl Stone Soup version 0.22-a0-398-g8bb545f (webtiles) character file.

673 zero the Digger (level 7, -6/67 HPs)
             Began as a Troll Earth Elementalist on May 4, 2018.
             Mangled by an orc warrior
             ... wielding a +0 hand axe
              (13 damage)
             ... on level 4 of the Dungeon.
             The game lasted 00:05:49 (3655 turns).

zero the Digger (Troll Earth Elementalist)          Turns: 3655, Time: 00:05:50

Health: -6/67      AC:  5    Str: 17    XL:     7   Next: 33%
Magic:  7/10       EV: 10    Int: 13    God:
Gold:   196        SH:  0    Dex: 10    Spells: 10/11 levels left

rFire    . . .     SeeInvis .     - Unarmed
rCold    . . .     Gourm    +   (no shield)
rNeg     . . .     Faith    .   c - +0 robe
rPois    .         Spirit   .   (helmet restricted)
rElec    .         Reflect  .   (no cloak)
rCorr    .         Harm     .   (gloves unavailable)
MR       .....                  (boots unavailable)
Stlth    +.........             (no amulet)
HPRegen  0.61/turn              (no ring)
MPRegen  0.12/turn              (no ring)

@: no status effects
A: large, unfitting armour, claws 3, fast metabolism 3, gourmand, regeneration
1, shaggy fur 1, tough skin 2
a: no special abilities


You were on level 4 of the Dungeon.
You were completely stuffed.

You visited 1 branch of the dungeon, and saw 5 of its levels.

You collected 196 gold pieces.

Inventory:

Missiles
 b - 102 stones (quivered)
Armour
 c - a +0 robe (worn)
Jewellery
 k - a +3 ring of slaying {unknown}
 o - an uncursed amulet of regeneration {unknown}
Wands
 q - a wand of flame (25)
Scrolls
 e - 2 scrolls of enchant armour {unknown}
 f - a scroll of magic mapping {unknown}
 h - 3 scrolls of identify {unknown}
 i - 2 scrolls of enchant weapon {unknown}
 j - 4 scrolls of teleportation {unknown}
 n - a scroll of blinking {unknown}
 p - a scroll of fear {unknown}
 r - a scroll of fog {unknown}
 t - 3 scrolls of remove curse {unknown}
Potions
 a - 2 potions of degeneration {unknown}
 g - a potion of lignification {unknown}
 l - a potion of agility {unknown}
 s - a potion of heal wounds {unknown}
 v - a potion of resistance {unknown}
 w - a potion of might {unknown}
Comestibles
 d - 6 rations


   Skills:
 + Level 3.1 Fighting
 - Level 1.5 Dodging
 - Level 1.0 Stealth
 + Level 3.7 Unarmed Combat
 + Level 2.7 Spellcasting
   Level 0.6 Transmutations
 + Level 4.5 Earth Magic


You had 10 spell levels left.
You knew the following spells:

 Your Spells              Type           Power        Failure   Level  Hunger
a - Sandblast             Erth           ##....       3%          1    #......


Dungeon Overview and Level Annotations

Branches:
Dungeon (5/15)             Temple (0/1) D:5

Altars:
Makhleb
Nemelex Xobeh
Ru
Zin

Shops:
D:4 =


Innate Abilities, Weirdness & Mutations

You are too large for most types of armour.
You have claws for hands.
Your metabolism is lightning-fast.
You like to eat raw meat.
Your natural rate of healing is unusually fast.
You are covered in fur. (AC +1)
You have very tough skin. (AC +2)


Message History

Aim: an orc warrior, wielding a hand axe and wearing a chain mail (severely wounded)
The blast of sand hits the orc warrior.
The orc warrior is severely wounded.
b - 103 stones The orc warrior hits you with a hand axe!
* * * LOW HITPOINT WARNING * * *
Casting: Sandblast (safe; 3% risk of failure)
Confirm with . or Enter, or press ? or * to list all spells.
Aiming: Sandblast (safe; 3% risk of failure)
Press: ? - help, Shift-Dir - straight line, f/p - orc warrior
Aim: an orc warrior, wielding a hand axe and wearing a chain mail (severely wounded)
The blast of sand hits the orc warrior.
The orc warrior is severely wounded.
b - 102 stones
* * * LOW HITPOINT WARNING * * *
You feel sick. The orc warrior barely misses you.
You feel better. The orc warrior misses you.
Okay, then.
The orc warrior hits you with a hand axe!
You die...

########.......#......#.# #####
#......#.#...........##.#
###...###.####.#.##.........###.#
....#..........#.#####.##.#.###.#
###...##..#.#..#.#####.##.......#
######.........).....###...####
#.####.#.#.###### #...#
#.###.###)...## #.[.#
#####......#>@....# #...#
#.......###.o#.#..# #...#
#.......# #.......#####...####
#.......###..#..............>.
#............##...............
#.......###..........∩........
#...)...# #.......#####.[.###.
#.......# #.......# #...# #.
######### #.####### #...# ##


You could see an orc warrior.

Vanquished Creatures
  The ghost of zero the Digger, an amateur TrEE (D:3)
  2 ogres
  A scorpion (D:4)
  A hound (D:4)
  A centaur skeleton (D:4)
  Jessica (D:3)
  Terence (D:3)
  An orc wizard (D:4)
  3 worker ants (D:4)
  Robin (D:3)
  7 adders
  2 dart slugs
  2 leopard geckos
  4 orcs
  4 giant cockroaches
  13 goblins
  11 hobgoblins
  5 jackals
  2 kobolds (D:1)
  2 quokkas (D:4)
  11 bats
  5 frilled lizards
  A jackal skeleton (D:4)
  2 rats (D:2)
84 creatures vanquished.

Notes
Turn   | Place    | Note
-------+----------+-------------------------------------------
     0 | D:1      | zero the Troll Earth Elementalist began the quest for the Orb.
     0 | D:1      | Reached XP level 1. HP: 16/16 MP: 1/1
   116 | D:1      | Reached XP level 2. HP: 19/26 MP: 0/3
   411 | D:1      | Reached skill level 3 in Earth Magic
   417 | D:1      | Reached skill level 1 in Unarmed Combat
   783 | D:2      | Reached skill level 1 in Fighting
   822 | D:2      | Reached XP level 3. HP: 30/33 MP: 4/4
   997 | D:2      | Found a glowing silver altar of Zin.
  1634 | D:2      | Reached XP level 4. HP: 41/41 MP: 5/5
  1770 | D:3      | Noticed Jessica
  1771 | D:3      | Noticed Terence
  1778 | D:3      | Killed Jessica
  1787 | D:3      | Killed Terence
  1916 | D:3      | Reached XP level 5. HP: 42/49 MP: 6/6
  1919 | D:3      | Noticed zero's ghost (amateur TrEE)
  1953 | D:3      | Killed zero's ghost
  2155 | D:3      | Found a sparkling altar of Nemelex Xobeh.
  2351 | D:3      | Noticed Robin
  2357 | D:3      | Killed Robin
  2684 | D:4      | Found Plog's Jewellery Boutique.
  2693 | D:4      | Reached XP level 6. HP: 43/58 MP: 8/8
  2776 | D:4      | Reached skill level 4 in Earth Magic
  2917 | D:4      | Found a burning altar of Makhleb.
  3135 | D:4      | Found a sacrificial altar of Ru.
  3212 | D:4      | Reached XP level 7. HP: 58/66 MP: 9/9
  3260 | D:5      | Entered Level 5 of the Dungeon
  3636 | D:5      | Found a staircase to the Ecumenical Temple.
  3652 | D:4      | HP: 2/67 [orc warrior/hand axe (10)]
  3655 | D:4      | Mangled by an orc warrior

Vault maps used:
D:1:      lightli_arrival_statue_moat
D:2:      zin_statuary, nrook_uturn
D:3:      old_standard_altar, uniq_terence, uniq_jessica, uniq_robin
D:4:      nicolae_ru_great_annihilating_truth, makhleb_heckhound_becter,
          first_ration, serial_shops, shop
D:5:      nicolae_overflow_hidden_temple, minmay_temple_entry_mist

Skill      XL: |  1  2  3  4  5  6  7 |
---------------+----------------------+-----
Earth Magic    | 3 4 |  4.5
Unarmed Combat | 1 2 3 |  3.7
Fighting       | 1 2 3 |  3.1
Spellcasting   | 2 |  2.7
Dodging        | |  1.5
Stealth        | |  1.0
Transmutations | |  0.6

Action                   |  1- 3 |  4- 6 |  7- 9 || total
-------------------------+-------+-------+-------++-------
Melee: Unarmed           |   159 |   130 |    42 ||   331
       Punch             |       |     1 |     2 ||     3
 Cast: Sandblast         |     3 |    15 |     7 ||    25
  Use: Potion            |       |     1 |     1 ||     2
 Stab: Sleeping          |     2 |       |     1 ||     3
       Distracted        |     1 |       |       ||     1
       Paralysed         |       |     2 |       ||     2
  Eat: Chunk             |    21 |    15 |     4 ||    40
Armor: Robe              |    70 |    38 |    12 ||   120
Dodge: Dodged            |    71 |    65 |    29 ||   165

Table legend:
 A = Spawn XP
 B = Non-spawn XP
 C = Spawn XP percentage of total XP
 D = Spawn monster count
 E = Non-spawn monster count
 F = Spawn count percentage of total count
 G = Total turns spent on level
                    A         B        C        D         E        F      G
               +---------+---------+-------+---------+---------+-------+---------
         Total |       0 |     962 |   0.0 |       0 |      84 |   0.0 |  3655
               +---------+---------+-------+---------+---------+-------+---------
           D:1 |       0 |      37 |   0.0 |       0 |      20 |   0.0 |   779
           D:2 |       0 |      82 |   0.0 |       0 |      19 |   0.0 |   983
           D:3 |       0 |     255 |   0.0 |       0 |      20 |   0.0 |   910
           D:4 |       0 |     461 |   0.0 |       0 |      24 |   0.0 |   961
           D:5 |       0 |     127 |   0.0 |       0 |       1 |   0.0 |    22
               +---------+---------+-------+---------+---------+-------+---------
